 Dungeon Crawl Stone Soup version 0.20.1-1-g8b1a95d (console) character file.

64 rafael the Insei (level 3, -1/29 HPs)
             Began as a Demonspawn Abyssal Knight on Aug 29, 2017.
             Was a Believer of Lugonu.
             Succumbed to Robin's poison
             ... on level 2 of the Dungeon.
             The game lasted 00:04:40 (1066 turns).

rafael the Insei (Demonspawn Abyssal Knight)        Turns: 1066, Time: 00:04:41

Health: -1/29      AC:  5    Str: 12    XL:     3   Next: 91%
Magic:  4/4        EV: 13    Int: 14    God:    Lugonu [**....]
Gold:   115        SH:  0    Dex: 12    Spells: 1/2 levels left

rFire    . . .     SeeInvis .     - Unarmed
rCold    . . .     Gourm    .   (no shield)
rNeg     . . .     Faith    .   a - +0 leather armour
rPois    .         Spirit   .   (no helmet)
rElec    .         Reflect  .   (no cloak)
rCorr    .         Harm     .   (no gloves)
MR       .....                  (no boots)
Stlth    +.........             (no amulet)
Regen    0.1/turn               e - +2 ring of protection
MPRegen  0.1/turn               g - ring of flight

@: lethally poisoned (-1 -> -31)
A: repulsion field 1, powered by pain 1
a: Depart the Abyss, Bend Space, Renounce Religion, Evoke Flight


You were on level 2 of the Dungeon.
You worshipped Lugonu.
Lugonu was pleased with you.
You were hungry.

You visited 1 branch of the dungeon, and saw 2 of its levels.
You visited the Abyss 1 time.

You collected 115 gold pieces.

Inventory:

Hand Weapons
 h - a +0 spear
Missiles
 f - 8 needles of paralysis
 l - 6 needles of sleeping
Armour
 a - a +0 leather armour (worn)
Jewellery
 e - a +2 ring of protection (left hand)
 g - a ring of flight (right hand)
Scrolls
 c - 7 scrolls of identify {unknown}
 j - a scroll of remove curse {unknown}
 k - a scroll of teleportation {unknown}
 m - a scroll of blinking {unknown}
Books
 d - a book of Party Tricks

   Spells                             Type                      Level
   a - Summon Butterflies             Summoning                    1
   b - Apportation                    Translocation                1
   c - Lesser Beckoning               Translocation                3
   d - Tukima's Dance                 Hexes                        3
   e - Alistair's Intoxication        Transmutation/Poison         5
   f - Invisibility                   Hexes                        6
Comestibles
 b - a bread ration
 i - 4 fruits


   Skills:
 - Level 3.0 Fighting
 - Level 1.7 Armour
 - Level 0.8 Dodging
 + Level 3.9 Unarmed Combat
 - Level 2.4 Invocations


You had one spell level left.
You knew the following spells:

 Your Spells              Type           Power        Failure   Level  Hunger
A - Apportation           Tloc           #.....       36%         1    ##.....


Dungeon Overview and Level Annotations

Branches:
Dungeon (2/15)

Altars:
Cheibriados


Innate Abilities, Weirdness & Mutations

You are surrounded by a mild repulsion field. (EV +2)
You sometimes gain a little power by taking damage.


Message History

Unknown command.
You hit Robin.
Robin is almost dead.
* * * LOW HITPOINT WARNING * * *
You feel sick. Robin throws the goblin at you! The goblin hits you with a club.
* * * LOW HITPOINT WARNING * * *
You hit Robin but do no damage.
Robin is almost dead.
* * * LOW HITPOINT WARNING * * *
You feel sick. Robin hits you but does no damage.
You are more poisoned.
The goblin hits you but does no damage.
You hit Robin.
You kill Robin!
Lugonu accepts your kill.
* * * LOW HITPOINT WARNING * * *
You feel sick.
The hobgoblin no longer looks unusually strong.
You closely miss the hobgoblin.
You die...

#.# ###g##
##....#
#..†.##......#
#....##......
#..g.##....# .
#....##....#
..
###.###....#
.#
#.###....##..#
#.g@g........#
#####....###.#
#........#
#....#####
#....# ###.##
#####.#####
#.........#
#.........#


You could see a hobgoblin and a goblin.

Vanquished Creatures
  Robin (D:2)
  An ooze (D:1)
  A worm (D:2)
  A dart slug (D:1)
  2 leopard geckos (D:1)
  2 giant cockroaches
  11 goblins
  4 hobgoblins
  3 jackals (D:1)
  4 kobolds
  3 bats
  A frilled lizard (D:2)
  3 rats (D:1)
37 creatures vanquished.

Notes
Turn   | Place    | Note
-------+----------+-------------------------------------------
     0 | Abyss:1  | rafael the Demonspawn Abyssal Knight began the quest for the Orb.
     0 | Abyss:1  | Reached XP level 1. HP: 18/18 MP: 2/2
    97 | Abyss:1  | Noticed a small abomination
   137 | Abyss:1  | Noticed a neqoxec
   138 | Abyss:1  | Noticed a flying skull
   184 | Abyss:2  | Noticed a raiju
   187 | D:1      | Escaped the Abyss
   326 | D:1      | Reached * piety under Lugonu
   326 | D:1      | Gained mutation: You sometimes gain a little power by taking damage. [demonic ancestry]
   326 | D:1      | Reached XP level 2. HP: 5/24 MP: 3/3
   520 | D:1      | Learned a level 1 spell: Apportation
   688 | D:1      | Gained mutation: You are surrounded by a mild repulsion field. (EV +2) [demonic ancestry]
   688 | D:1      | Reached XP level 3. HP: 28/29 MP: 4/4
   923 | D:2      | Found a snail-covered altar of Cheibriados.
  1016 | D:2      | Reached ** piety under Lugonu
  1034 | D:2      | Noticed Robin
  1065 | D:2      | Killed Robin
  1065 | D:2      | HP: 1/29 [poisoned by Robin]
  1066 | D:2      | Succumbed to Robin's poison

Skill      XL: |  1  2 |
---------------+-------+-----
Unarmed Combat | 2 3 |  3.9
Fighting       | |  3.0
Armour         | |  1.7
Dodging        | |  0.8
Invocations    | |  2.4

Action                   || total
-------------------------++-------
Melee: Unarmed           ||   140
Invok: Depart the Abyss  ||     1
Armor: Leather armour    ||    30
Dodge: Dodged            ||    76
